 Dungeon Crawl Stone Soup version 0.29-a0-218-gf2abdc9806 (webtiles) character file.

Game seed: 410700436568558996

6 Colgate the Conjurer (level 1, 0/13 HPs)
             Began as a Demonspawn Conjurer on Feb 25, 2022.
             Slain by a giant cockroach (1 damage)
             ... on level 1 of the Dungeon.
             The game lasted 00:00:28 (422 turns).

Colgate the Conjurer (Demonspawn Conjurer)           Turns: 422, Time: 00:00:29

Health: 0/13       AC:  2    Str:  7    XL:     1   Next: 75%
Magic:  3/3        EV: 12    Int: 19    God:
Gold:   3          SH:  0    Dex: 11    Spells: 3/4 levels left

rFire   . . .      SeeInvis .   (no weapon)
rCold   . . .      Faith    .   (no shield)
rNeg    . . .      Spirit   .   a - +0 robe
rPois   .          Reflect  .   (no helmet)
rElec   .          Harm     .   (no cloak)
rCorr   .          Rampage  .   (no gloves)
Will    .....                   (no boots)
Stlth   ++........              (no amulet)
HPRegen 0.04/turn               (no ring)
MPRegen 0.08/turn               (no ring)

@: no status effects
A: no striking features
a: no special abilities


You were on level 1 of the Dungeon.
You visited 1 branch of the dungeon, and saw 1 of its levels.

You collected 3 gold pieces.

Inventory:

Armour
 a - a +0 robe (worn)
Scrolls
 b - a scroll of fog {unknown}
 c - 2 scrolls of teleportation {unknown}
 e - a scroll of noise {unknown}
Potions
 d - a potion of haste {unknown}


   Skills:
 - Level 1.7 Dodging
 - Level 1.7 Stealth
 - Level 2.0 Spellcasting
 + Level 4.3 Conjurations


You had 3 spell levels left.
You knew the following spells:

 Your Spells              Type           Power      Damage    Failure   Level
a - Magic Dart            Conj           72%        1d6       2%          1

Your spell library contained the following spells:

 Spells                   Type           Power      Damage    Failure   Level
 Searing Ray              Conj           36%        2d5       4%          2
 Conjure Flame            Conj/Fire      10%        6-21      21%         3
 Dazzling Flash           Conj/Hex       20%        N/A       21%         3
 Ignite Poison            Fire/Tmut/Pois 1%         N/A       45%         3
 Fulminant Prism          Conj/Hex       5%         3d7       56%         4
 Iskenderun's Mystic Bla  Conj/Tloc      10%        2d4       56%         4
 Sticky Flame             Conj/Fire      10%        2d3       56%         4


Dungeon Overview and Level Annotations

Branches:
Dungeon (1/15)

Altars:


Message History

You are too injured to fight recklessly!
You are too injured to fight recklessly!
You are too injured to fight recklessly!
You are too injured to fight recklessly!
You are too injured to fight recklessly!
You are too injured to fight recklessly!
You hit the giant cockroach but do no damage.
Your punch misses the giant cockroach. The giant cockroach misses you.
The giant cockroach bites you.
You hit the giant cockroach but do no damage.
The giant cockroach bites you but does no damage.
You hit the giant cockroach but do no damage.
The giant cockroach barely misses you.
You hit the giant cockroach but do no damage.
The giant cockroach bites you but does no damage.
You barely miss the giant cockroach.
The giant cockroach bites you but does no damage.
You closely miss the giant cockroach.
The giant cockroach barely misses you. x2
You hit the giant cockroach but do no damage.
The giant cockroach barely misses you.
You closely miss the giant cockroach. The giant cockroach closely misses you.
You hit the giant cockroach. The giant cockroach barely misses you.
You barely miss the giant cockroach. The giant cockroach misses you.
You closely miss the giant cockroach. The giant cockroach bites you.
The giant cockroach misses you.
You hit the giant cockroach but do no damage.
The giant cockroach bites you.
* * * LOW HITPOINT WARNING * * *
You hit the giant cockroach but do no damage.
The giant cockroach bites you.
* * * LOW HITPOINT WARNING * * *
You closely miss the giant cockroach. The giant cockroach bites you.
* * * LOW HITPOINT WARNING * * *
You hit the giant cockroach but do no damage.
The giant cockroach misses you.
You hit the giant cockroach but do no damage.
The giant cockroach misses you.
The giant cockroach bites you but does no damage.
You closely miss the giant cockroach. The giant cockroach bites you.
You die...

##################
#>................
#@#############.## #B#
#######.## #.. ..........
#### #######.##
#########################.#
#...†.....................#
#.#########################
#.# #.#


You could see a giant cockroach.

Vanquished Creatures
  An endoplasm (D:1)
  A quokka (D:1)
  2 ball pythons (D:1)
  A frilled lizard (D:1)
  A rat (D:1)
6 creatures vanquished.

Notes
Turn   | Place    | Note
-------+----------+-------------------------------------------
     0 | D:1      | Colgate the Demonspawn Conjurer began the quest for the
                  | Orb.
     0 | D:1      | Reached XP level 1. HP: 13/13 MP: 3/3
   422 | D:1      | Slain by a giant cockroach

Illustrated notes

Levels and vault maps discovered:
D:1:      roderic_crossed_star, layout_basic, shapermc_ecumenical_altar_pompeii

Action                   || total
-------------------------++-------
Melee: Unarmed           ||    49
 Cast: Magic Dart        ||     9
Armor: Robe              ||    12
Dodge: Dodged            ||    36

Table legend: (Time is in decaauts)
 A = Elapsed time spent in this place.
 B = Non-inter-level travel time spent in this place.
 C = Inter-level travel time spent in this place.
 D = Time resting spent in this place.
 E = Time spent auto-exploring this place.
 F = Levels seen in this place.
 G = Mean time per level.
                   A        B        C        D        E       F      G
               +--------+--------+--------+--------+--------+-----+--------+
         Total |    422 |    422 |      0 |      0 |    351 |   1 |  422.0 |
       Dungeon |    422 |    422 |      0 |      0 |    351 |   1 |  422.0 |
               +--------+--------+--------+--------+--------+-----+--------+

Top non-repeatable levels by time:
     D:1: 422 daAuts
